 Dungeon Crawl Stone Soup version 0.28.0-53-g5a82cb258f (webtiles) character file.

Game seed: 17207356240802300988

130 buhh the Bolt Thrower (level 5, -2/41 HPs)
             Began as a Formicid Hunter on June 19, 2022.
             Slain by Grinder (8 damage)
             ... on level 3 of the Dungeon.
             The game lasted 00:04:18 (3245 turns).

buhh the Bolt Thrower (Formicid Hunter)             Turns: 3245, Time: 00:04:19

Health: -2/41      AC:  3    Str: 17    XL:     5   Next: 36%
Magic:  5/5        EV: 12    Int: 10    God:
Gold:   99         SH:  0    Dex: 13    Spells: 4/4 levels left

rFire   + . .      SeeInvis +   a - +1 hand crossbow
rCold   + . .      Faith    .   (no shield)
rNeg    . . .      Spirit   .   c - +0 leather armour
rPois   .          Reflect  .   (helmet unavailable)
rElec   .          Harm     .   j - scarf {rC+ rF+}
rCorr   .          Rampage  .   (no gloves)
Will    .....                   (no boots)
Stlth   ++........              (no amulet)
HPRegen 0.13/turn               (no ring)
MPRegen 0.09/turn               (no ring)

@: no status effects
A: permanent stasis, dig shafts and tunnels, antennae 3, four strong arms
a: Dig, Shaft Self


You were on level 3 of the Dungeon.
You visited 1 branch of the dungeon, and saw 3 of its levels.

You collected 99 gold pieces.

Inventory:

Hand Weapons
 a - a +1 hand crossbow (weapon)
 b - a +0 short sword
Missiles
 d - 44 bolts (quivered ammo)
Armour
 c - a +0 leather armour (worn)
 j - a scarf of resistance (worn)
Scrolls
 e - a scroll of noise {unknown}
 f - 3 scrolls of enchant armour {unknown}
 h - a scroll of fear {unknown}
 i - 3 scrolls of enchant weapon {unknown}
 k - a scroll of identify {unknown}
 m - a scroll of vulnerability {unknown}
 n - a scroll of brand weapon {unknown}
 o - a scroll of blinking {unknown}
Potions
 g - a potion of curing {unknown}
 l - a potion of flight {unknown}
 p - a potion of heal wounds {unknown}


   Skills:
 * Level 3.6 Fighting
 * Level 4.8 Crossbows
 - Level 2.0 Dodging
 * Level 3.6 Stealth


You had 4 spell levels left.
You didn't know any spells.
Your spell library was empty.

Dungeon Overview and Level Annotations

Branches:
Dungeon (3/15)

Altars:

Shops:
D:2 **

Annotations:
D:3 Grinder


Innate Abilities, Weirdness & Mutations

You cannot be hasted, slowed, berserked, paralysed or teleported.
You can dig through walls and to a lower floor.
You have a pair of large antennae on your head. (SInv)
Your four strong arms can wield two-handed weapons with a shield.


Message History

The gnoll shouts!
The bolt hits the gnoll!
You kill the gnoll!
You hear a shout!
You shoot a bolt. The bolt barely misses Grinder.
A gnoll comes into view. It is wielding a +0 spear.
Grinder blinks!
You shoot a bolt. The bolt closely misses Grinder.
You shoot a bolt. The bolt hits Grinder!
Grinder is moderately wounded.
A bat comes into view.
Grinder gestures at you. You resist with significant effort.
You shoot a bolt. The bolt hits Grinder.
Grinder is moderately wounded.
Grinder hits you.
You writhe in agony.
You shoot a bolt. The bolt hits Grinder.
Grinder is heavily wounded.
Grinder hits you!
You writhe in agony.
The gnoll hits you from afar with a +0 spear!
You are too injured to fight recklessly!
You are too injured to fight recklessly!
You are too injured to fight recklessly!
Fire: 46 bolts
Press: ? - help, Q - select action, (/) - cycle Shift-Dir - straight line, f/p - Grinder
Aim: Grinder (heavily wounded, 62% to hit)
You shoot a bolt. The bolt hits Grinder!
Grinder is severely wounded.
Grinder hits you!
* * * LOW HITPOINT WARNING * * *
You writhe in agony.
* * * LOW HITPOINT WARNING * * *
The gnoll barely misses you.
Fire: 45 bolts
Press: ? - help, Q - select action, (/) - cycle Shift-Dir - straight line, f/p - Grinder
Aim: Grinder (severely wounded, 62% to hit)
You shoot a bolt. The bolt closely misses Grinder.
The bolt hits the gnoll!
The gnoll is almost dead.
Grinder hits you!
You die...

#...####......).........###
#...............##.###..#
###.............'.......#
######........##.#...##
##..#######.#...#### #..#
#{#.<.....
#####..#######.#.......
#......#g(...#.#.......
#.....@5g(...(.........
#......#b....##....#..<
#......#......#....+...
#.......#......# ####
#.#(#####.$....# # #.#.
#.....(# .. # # # #......#
.. # ...#...# #.###
#..#..5. #.#..


You could see Grinder, 2 gnolls and a bat.

Vanquished Creatures
  An orc priest (D:3)
  2 gnolls (D:3)
  2 adders (D:2)
  A worm (D:3)
  A dart slug (D:1)
  3 orcs (D:3)
  7 ball pythons
  6 bats
  An endoplasm (D:1)
  A giant cockroach (D:1)
  6 goblins
  2 hobgoblins (D:1)
  7 jackals
  3 quokkas (D:1)
  5 frilled lizards
  4 kobolds
  3 rats
55 creatures vanquished.

Vanquished Creatures (others)
  6 plants (D:1)
6 creatures vanquished.

Grand Total: 61 creatures vanquished

Notes
Turn   | Place    | Note
-------+----------+-------------------------------------------
     0 | D:1      | buhh the Formicid Hunter began the quest for the Orb.
     0 | D:1      | Reached XP level 1. HP: 16/16 MP: 1/1
   303 | D:1      | Reached XP level 2. HP: 12/23 MP: 2/2
   932 | D:1      | Reached XP level 3. HP: 22/28 MP: 3/3
  1459 | D:2      | Found Meseunomo's Assorted Antiques.
  1935 | D:2      | Found Ythralagg's General Store.
  2078 | D:2      | Found a faded altar of an unknown god.
  2089 | D:2      | Reached XP level 4. HP: 21/35 MP: 4/4
  2948 | D:3      | Reached XP level 5. HP: 37/41 MP: 5/5
  3230 | D:3      | Noticed Grinder
  3245 | D:3      | Slain by Grinder

Illustrated notes

Levels and vault maps discovered:
D:1:      saegor_arrival_simple_d, layout_rooms, serial_forest,
          infiniplex_forest_clump_C, infiniplex_forest_clump_long,
          infiniplex_forest_lined_3, infiniplex_forest_straight_5,
          infiniplex_forest_lined_3_way
D:2:      layout_basic, hellmonk_ecumenical_altar_dog_temple, serial_shops,
          nicolae_shop_competitors_out_of_business, shop
D:3:      layout_basic, uniq_grinder

Skill      XL: |  1  2  3  4 |
---------------+-------------+-----
Dodging        | 2 |  2.0
Stealth        | 2 3 |  3.6
Fighting       | 3 |  3.6
Crossbows      | |  4.8

Action                   |  1- 3 |  4- 6 || total
-------------------------+-------+-------++-------
Melee: Short sword       |   132 |    18 ||   150
       Punch             |     2 |       ||     2
 Fire: Hand crossbow     |     6 |    63 ||    69
 Stab: Sleeping          |     3 |       ||     3
Armor: Leather armour    |    55 |    15 ||    70
Dodge: Dodged            |   114 |    49 ||   163
